 Dungeon Crawl Stone Soup version 0.30-a0-311-gf115ab0292 (webtiles) character file.

Game seed: 3611002906118525158

1193 Lennethare the Grave Robber (level 8, -1/62 HPs)
             Began as a Black Draconian Necromancer on Oct 25, 2022.
             Slain by Prince Ribbit (17 damage)
             ... on level 5 of the Dungeon.
             The game lasted 00:18:38 (5169 turns).

Lennethare the Grave Robber (DrNe)                  Turns: 5169, Time: 00:18:40

Health: -1/62      AC:  6    Str: 10    XL:     8   Next: 20%
Magic:  1/16       EV: 12    Int: 18    God:
Gold:   293        SH:  0    Dex: 12    Spells: 10/18 levels left

rFire   + . .      SeeInvis .    r - +1 war axe
rCold   + . .      Faith    .    (no shield)
rNeg    . . .      Spirit   .    (body armour unavailable)
rPois   .          Reflect  .    (helmet restricted)
rElec   +          Harm     .    h - scarf {rC+ rF+}
rCorr   .          Rampage  .    (no gloves)
Will    .....                    (no boots)
Stlth   ++........               (no amulet)
HPRegen 0.30/turn                (no ring)
MPRegen 0.15/turn                (no ring)

@: short of breath
A: breathe lightning, AC +6, unfitting armour, electricity resistance,
cold-blooded
a: Breathe Lightning


You were on level 5 of the Dungeon.
You visited 1 branch of the dungeon, and saw 6 of its levels.

You collected 293 gold pieces.

Inventory:

Hand Weapons
 e - a +0 dagger
 i - a +0 mace
 r - a +1 war axe (weapon)
 F - a +2 flail of holy wrath
Missiles
 y - 2 throwing nets
Armour
 h - a scarf of resistance (worn)
 G - a +0 scale mail
Magical Staves
 x - a staff of conjuration
Jewellery
 m - a ring of ice
 I - a +4 ring of protection
Wands
 w - a wand of flame (23)
Scrolls
 b - a scroll of identify
 c - 2 scrolls of summoning
 d - 3 scrolls of enchant weapon
 g - a scroll of noise {unknown}
 l - 2 scrolls of teleportation
 n - 2 scrolls of fear {unknown}
 s - a scroll of magic mapping {unknown}
 t - 3 scrolls of blinking {unknown}
 u - 2 scrolls of brand weapon {unknown}
 v - a scroll of amnesia {unknown}
Potions
 a - a potion of magic
 f - a potion of lignification {unknown}
 j - a potion of invisibility {unknown}
 k - 3 potions of heal wounds
 o - 2 potions of might
 p - a potion of haste {unknown}
 q - 3 potions of curing
 z - a potion of resistance {unknown}
 A - a potion of berserk rage {unknown}
 B - a potion of ambrosia {unknown}
 C - a potion of mutation {unknown}
 D - a potion of brilliance {unknown}
 E - a potion of flight
 H - a potion of attraction {unknown}


   Skills:
 + Level 2.3 Fighting
 * Level 2.9 Axes
 + Level 2.8 Dodging
 - Level 1.7 Stealth
 + Level 5.7 Spellcasting
 * Level 7.4 Necromancy


You had 10 spell levels left.
You knew the following spells:

 Your Spells              Type           Power      Damage    Failure   Level
a - Necrotise             Necr           100%       1d9       1%          1
b - Vampiric Draining     Necr           31%        2d8       1%          3
c - Animate Dead          Necr           31%        N/A       6%          4

Your spell library contained the following spells:

 Spells                   Type           Power      Damage    Failure   Level
 Apportation              Tloc           10%        N/A       12%         1
 Summon Small Mammal      Summ           20%        N/A       12%         1
 Agony                    Necr           31%        N/A       16%         5
 Summon Forest            Summ/Tloc      2%         N/A       98%         5
 Eringya's Noxious Bog    Tmut/Pois      2%         N/A       100%        6
 Summon Hydra             Summ           2%         N/A       100%        7


Dungeon Overview and Level Annotations

Branches:
Dungeon (6/15)
 Temple: D:4-7

Altars:
Ashenzari
Cheibriados
Uskayaw
Xom

Annotations:
D:5 Eustachio, Prince Ribbit


Innate Abilities, Weirdness & Mutations

You can breathe wild blasts of lightning.
Your glossy black scales are hard. (AC +6)
You cannot fit into any form of body armour.
You are resistant to electric shocks. (rElec)
You are cold-blooded and may be slowed by cold attacks.


Message History

Press: ? - help, Shift-Dir - straight line, f - Prince Ribbit
Aim: Prince Ribbit (lightly wounded, ally target)
You draw life force from Prince Ribbit.
You feel life coursing into your body.
Prince Ribbit catches a small bird with his tongue.
Prince Ribbit blinks!
Unknown command.
Casting: Vampiric Draining (safe; 1% risk of failure)
Confirm with . or Enter, or press ? or * to list all spells.
Aiming: Vampiric Draining (safe; 1% risk of failure)
Press: ? - help, Shift-Dir - straight line, f/p - Prince Ribbit
Aim: Prince Ribbit (translocational energy, moderately wounded, ally target)
You draw life force from Prince Ribbit!
You feel life coursing into your body.
Eustachio mumbles some strange words.
Eustachio blinks!
Prince Ribbit lets out a mournful croak.
Prince Ribbit hits you!
Casting: Vampiric Draining (safe; 1% risk of failure)
Confirm with . or Enter, or press ? or * to list all spells.
Aiming: Vampiric Draining (safe; 1% risk of failure)
Press: ? - help, Shift-Dir - straight line, f/p - Prince Ribbit
Aim: Prince Ribbit (heavily wounded, ally target)
You draw life force from Prince Ribbit.
You feel life coursing into your body. Prince Ribbit hits you.
Prince Ribbit misses you.
Casting: Vampiric Draining (safe; 1% risk of failure)
Confirm with . or Enter, or press ? or * to list all spells.
Aiming: Vampiric Draining (safe; 1% risk of failure)
Press: ? - help, Shift-Dir - straight line, f/p - Prince Ribbit
Aim: Prince Ribbit (heavily wounded, ally target)
You draw life force from Prince Ribbit!
You feel life coursing into your body.
Prince Ribbit blinks!
Casting: Vampiric Draining (safe; 1% risk of failure)
Confirm with . or Enter, or press ? or * to list all spells.
Aiming: Vampiric Draining (safe; 1% risk of failure)
Press: ? - help, Shift-Dir - straight line, f/p - Prince Ribbit
Aim: Prince Ribbit (severely wounded, ally target)
You draw life force from Prince Ribbit!
You feel life coursing into your body. Prince Ribbit hits you!
* * * LOW HITPOINT WARNING * * *
Prince Ribbit hits you!
You die...

.....#.# #.#
.......# #Z#
####...### #.#
.........## #Z#
######....## #.#
###...## #.#
#.#..# #.#
####.##.######Z#
........##.F@ZZ#
.........#.#####
..........>#
.......#####
#########


You could see Prince Ribbit (ally target), a friendly hound zombie and 2
friendly orc zombies.

Vanquished Creatures
  Edmund (D:5)
  3 ogres
  A phantom (D:5)
  A necrophage (D:5)
  A hound (D:5)
  2 jellies
  A gnoll bouda (D:4)
  3 orc priests
  An iguana (D:4)
  4 orc wizards
  6 gnolls
  7 adders
  5 worms (D:2)
  A dart slug (D:2)
  20 orcs
  7 ball pythons
  8 bats
  3 endoplasms
  8 giant cockroaches
  4 hobgoblins
  7 jackals
  4 quokkas
  3 frilled lizards
  6 goblins
  3 kobolds
  5 rats
115 creatures vanquished.

Vanquished Creatures (collateral kills)
  A black bear (D:5)
  A gnoll (D:4)
  An orc (D:5)
3 creatures vanquished.

Vanquished Creatures (others)
  A gnoll zombie (D:5)
  5 orc zombies (D:5)
6 creatures vanquished.

Grand Total: 124 creatures vanquished

Notes
Turn   | Place    | Note
-------+----------+-------------------------------------------
     0 | D:1      | Lennethare the Draconian Necromancer began the quest for
                  | the Orb.
     0 | D:1      | Reached XP level 1. HP: 14/14 MP: 3/3
   205 | D:1      | You fall into a shaft and drop 1 floor!
   283 | D:2      | Reached XP level 2. HP: 20/20 MP: 0/5
  1396 | D:2      | Reached XP level 3. HP: 22/26 MP: 4/7
  1400 | D:2      | Learned a level 3 spell: Vampiric Draining
  1770 | D:2      | Reached XP level 4. HP: 26/33 MP: 10/10
  1831 | D:2      | Learned a level 4 spell: Animate Dead
  1968 | D:2      | Found a faded altar of an unknown god.
  2482 | D:2      | Reached XP level 5. HP: 15/38 MP: 11/11
  2591 | D:3      | Reached skill level 5 in Necromancy
  2705 | D:3      | Noticed a +0 dagger
  2707 | D:3      | Noticed a +0 hand axe
  2816 | D:3      | Found a hide-covered altar of Uskayaw.
  2986 | D:3      | Found a shimmering altar of Xom.
  3235 | D:4      | Reached XP level 6. HP: 33/45 MP: 1/13
  3559 | D:4      | Reached skill level 5 in Spellcasting
  3559 | D:4      | Reached skill level 6 in Necromancy
  3601 | D:4      | Found a broken altar of Ashenzari.
  4114 | D:5      | Entered Level 5 of the Dungeon
  4126 | D:4      | Your scales start taking on a glossy black colour.
  4126 | D:4      | Reached XP level 7. HP: 43/50 MP: 4/14
  4126 | D:4      | Gained mutation: You are resistant to electric shocks.
                  | (rElec) [Black Draconian growth]
  4196 | D:5      | Noticed Eustachio
  4198 | D:5      | Noticed Prince Ribbit
  4205 | D:5      | Noticed Edmund
  4214 | D:5      | Killed Edmund
  4225 | D:5      | Reached skill level 1 in Fighting
  4592 | D:5      | Reached skill level 1 in Axes
  4706 | D:5      | Reached skill level 7 in Necromancy
  4857 | D:5      | Reached XP level 8. HP: 19/61 MP: 5/16
  4864 | D:5      | Found a snail-covered altar of Cheibriados.
  5169 | D:5      | Slain by Prince Ribbit

Illustrated notes

Levels and vault maps discovered:
D:1:      wander_arrival_peaceful_grave, layout_loops_corners
D:2:      layout_loops_ring, ebering_ecumenical_altar_webs,
          minmay_joined_circles
D:3:      layout_rooms, dancing_weapons_uskayaw, xom_teletrap_fun,
          minmay_misc_feat_diagonals
D:4:      layout_basic, mainiacjoe_overflow_alcove_1, serial_glass,
          glass_columns_c, glass_columns_a, glass_columns_b, glass_columns_c,
          glass_columns_b
D:5:      layout_basic, mainiacjoe_overflow_24_doors, due_unseen_surprise,
          uniq_edmund, uniq_eustachio, uniq_prince_ribbit1
D:6:      layout_basic, uniq_menkaure

Skill      XL: |  1  2  3  4  5  6  7 |
---------------+----------------------+-----
Spellcasting   | 3 4 5 |  5.7
Necromancy     | 5 6 7 |  7.4
Dodging        | 2 |  2.8
Fighting       | 2 |  2.3
Axes           | 2 |  2.9
Stealth        | |  1.7

Action                   |  1- 3 |  4- 6 |  7- 9 || total
-------------------------+-------+-------+-------++-------
Melee: Unarmed           |    13 |       |       ||    13
       Tailslap          |    15 |    22 |    15 ||    52
       Dagger            |    39 |       |       ||    39
       Mace              |    84 |    28 |       ||   112
       Punch             |     1 |     3 |     2 ||     6
       War axe           |       |    98 |   101 ||   199
 Cast: Necrotise         |    17 |    15 |       ||    32
       Vampiric Draining |     3 |    17 |    19 ||    39
       Animate Dead      |       |       |     1 ||     1
 Abil: Breathe Lightning |       |       |     3 ||     3
  Use: Scroll            |       |     5 |     3 ||     8
       Potion            |       |       |     1 ||     1
 Stab: Sleeping          |     3 |       |       ||     3
Armor: Skin              |    42 |    65 |    72 ||   179
Dodge: Dodged            |   103 |   115 |   104 ||   322

Table legend: (Time is in decaauts)
 A = Elapsed time spent in this place.
 B = Non-inter-level travel time spent in this place.
 C = Inter-level travel time spent in this place.
 D = Time resting spent in this place.
 E = Time spent auto-exploring this place.
 F = Levels seen in this place.
 G = Mean time per level.
                   A        B        C        D        E       F      G
               +--------+--------+--------+--------+--------+-----+--------+
         Total |   5305 |   5192 |    113 |    799 |   3179 |   6 |  884.2 |
       Dungeon |   5305 |   5192 |    113 |    799 |   3179 |   6 |  884.2 |
               +--------+--------+--------+--------+--------+-----+--------+

Top non-repeatable levels by time:
     D:2: 1329 daAuts
     D:4: 1143 daAuts
     D:1: 1136 daAuts
     D:5: 843 daAuts
     D:3: 671 daAuts
     D:6: 180 daAuts
